 Dungeon Crawl Stone Soup version 0.17-a0-1248-g117de50 (webtiles) character file.

247 Vivisectus the Ducker (level 5, 0/24 HPs)
             Began as a Spriggan Enchanter on June 5, 2015.
             Was an Initiate of Dithmenos.
             Slain by an ogre
             ... wielding a +0 giant club
              (9 damage)
             ... on level 4 of the Dungeon.
             The game lasted 00:13:52 (3243 turns).

Vivisectus the Ducker (Spriggan Enchanter)          Turns: 3243, Time: 00:13:52

Health: 0/24       AC:  4    Str:  9    XL:     5   Next: 85%
Magic:  2/12       EV: 20    Int: 17    God:    Dithmenos [......]
Gold:   195        SH:  0    Dex: 17    Spells: 3 memorised, 6 levels left

rFire  + . .     SeeInvis +     a - +1 dagger
rCold  + . .     Clarity  .     e - +2 robe {rC+ rF+}
rNeg   . . .     SustAt   .     (shield restricted)
rPois  .         Gourm    .     (helmet restricted)
rElec  .         Spirit   .     (no cloak)
rCorr  .         Warding  .     (gloves unavailable)
rMut   .         Stasis   .     (boots unavailable)
MR     .....                    (no amulet)
Stlth  +++.......               (no ring)
                                (no ring)

@: mighty, very slightly contaminated, very quick, not resistant to hostile
enchantments, fairly stealthy
A: unfitting armour, see invisible, herbivore 3, speed 3, slow metabolism 2
a: Renounce Religion


You were on level 4 of the Dungeon.
You worshipped Dithmenos.
Dithmenos was noncommittal.
You were very hungry.

You visited 2 branches of the dungeon, and saw 5 of its levels.

You collected 195 gold pieces.

Inventory:

Hand weapons
 a - a +1 dagger (weapon)
 x - a +2 dagger of holy wrath
Armour
 b - a +1 robe
 e - a +2 robe of resistance (worn)
Scrolls
 f - a scroll of identify
 h - 2 scrolls of blinking {unknown}
 i - 2 scrolls of recharging {unknown}
 j - a scroll of teleportation {unknown}
 l - 2 scrolls of amnesia {unknown}
 m - a scroll of fear {unknown}
 o - a scroll of enchant armour {unknown}
 s - a scroll of remove curse {unknown}
Potions
 k - 2 potions of flight
 p - a potion of curing
 q - a potion of haste {unknown}
 r - a potion of cancellation {unknown}
 t - a potion of beneficial mutation {unknown}
 u - a potion of agility {unknown}
 z - a potion of poison {unknown}
Books
 c - a book of Maledictions

   Spells                             Type                      Level
   a - Corona                         Hexes                        1
   b - Ensorcelled Hibernation        Hexes/Ice                    2
   c - Confuse                        Hexes                        3
   d - Tukima's Dance                 Hexes                        3
   e - Dazzling Spray                 Conjuration/Hexes            3
Comestibles
 d - 2 bread rations
 n - 2 royal jellies
 v - a slice of pizza
 w - 5 fruits


   Skills:
 - Level 2.8 Short Blades
 - Level 5.2 Dodging
 - Level 4.4 Stealth
 + Level 4.5 Spellcasting
 + Level 5.1 Hexes


You had 6 spell levels left.
You knew the following spells:

 Your Spells              Type           Power        Failure   Level  Hunger
a - Corona                Hex            ###....      1%          1    None
b - Confuse               Hex            ###.....     8%          3    ###....
c - Dazzling Spray        Conj/Hex       ##......     17%         3    ###....


Dungeon Overview and Level Annotations

Branches:
Dungeon (4/15)             Temple (1/1) D:4

Altars:
Dithmenos
Okawaru
Trog


Innate Abilities, Weirdness & Mutations

You are tiny and cannot use many weapons and most armour.
You have supernaturally acute eyesight.
You are a herbivore.
You cover ground extremely quickly.
You need consume almost no food.


Message History

Casting: Confuse
Confirm with . or Enter, or press ? or * to list all spells.
You don't have enough magic to cast that spell.
Drink which item? (? for menu, Esc to quit)
Okay, then.
Casting: Confuse
Confirm with . or Enter, or press ? or * to list all spells.
You don't have enough magic to cast that spell.
You hit the ogre.
The ogre is lightly wounded.
The ogre misses you.
You hit the ogre.
The ogre is moderately wounded.
You puncture the ogre!
The ogre is heavily wounded.
The ogre barely misses you.
You puncture the ogre!
The ogre is almost dead.
The ogre hits you with a giant club!
You die...

'#####.#
.......#
..######
..#
..######.#
..'......#
#######o#
..########
#...ooo.#
...#
#.#######
...# #@#
.### #O#
.# #.# .#
######.#
.#
#.O....#
.#
#.######
.##### #.#
...... #O#
..#### #.#


You could see an ogre.

Vanquished Creatures
  A phantom (D:4)
  Natasha (D:2)
  A worker ant (D:4)
  5 adders
  2 worms (D:2)
  A giant gecko (D:1)
  10 bats
  A bat skeleton (D:4)
  5 giant cockroaches
  3 goblins
  13 hobgoblins
  3 jackals (D:1)
  4 kobolds
  3 quokkas
  A ball python (D:3)
  A giant gecko skeleton (D:4)
  3 giant newts
  7 rats
  A butterfly (D:4)
66 creatures vanquished.

Notes
Turn   | Place    | Note
--------------------------------------------------------------
     0 | D:1      | Vivisectus the Spriggan Enchanter began the quest for the Orb.
     0 | D:1      | Reached XP level 1. HP: 9/9 MP: 5/5
   539 | D:1      | Reached XP level 2. HP: 13/13 MP: 6/6
  1099 | D:2      | Reached XP level 3. HP: 14/16 MP: 8/8
  1212 | D:2      | Found an iron altar of Okawaru.
  1212 | D:2      | Found a bloodstained altar of Trog.
  1254 | D:2      | Learned a level 3 spell: Confuse
  1833 | D:2      | Noticed Natasha
  1850 | D:2      | Killed Natasha
  1850 | D:2      | Reached skill level 5 in Dodging
  1883 | D:2      | Reached XP level 4. HP: 17/21 MP: 9/9
  2081 | D:2      | You fall through a shaft!
  2679 | D:4      | Found a staircase to the Ecumenical Temple.
  2767 | Temple   | Entered the Ecumenical Temple
  2794 | Temple   | Became a worshipper of Dithmenos the Shadowed
  2836 | D:4      | Noticed a phantom
  2934 | D:4      | Killed a phantom
  2934 | D:4      | Reached XP level 5. HP: 22/24 MP: 1/12
  2942 | D:4      | Reached skill level 5 in Hexes
  2947 | D:4      | Learned a level 3 spell: Dazzling Spray
  3166 | D:4      | Noticed an ogre
  3243 | D:4      | Slain by an ogre

Vault maps used:
D:1:      tarquinn_simple_flora_water_a, serial_glass, glass_columns_c,
          glass_columns_a, glass_columns_b, glass_columns_c
D:2:      grunt_temple_overflow_open, first_bread, uniq_natasha
D:4:      minmay_temple_entry_butterflies, portal_sewer_entry_e, uniq_edmund
Temple:   minmay_temple_forest_path_12

Action                   |  1- 3 |  4- 6 || total
-------------------------+-------+-------++-------
Melee: Dagger            |   166 |   108 ||   274
 Cast: Corona            |     3 |       ||     3
       Confuse           |     7 |    17 ||    24
  Use: Scroll            |     2 |       ||     2
       Potion            |       |     2 ||     2
 Stab: Sleeping          |    10 |     5 ||    15
       Confused          |     4 |    10 ||    14
  Eat: Royal jelly       |       |     1 ||     1
